 Dungeon Crawl Stone Soup version 0.23-a0-639-ga9a3373 (console) character file.

67 Duffy the Conjurer (level 4, 30/30 HPs)
             Began as a Demonspawn Fire Elementalist on Dec 29, 2018.
             Was an Initiate of Vehumet.
             Quit the game on level 2 of the Dungeon.
             The game lasted 00:02:02 (2127 turns).

Duffy the Conjurer (Demonspawn Fire Elementalist)   Turns: 2127, Time: 00:02:03

Health: 30/30      AC:  5    Str:  8    XL:     4   Next: 0%
Magic:  3/7        EV: 12    Int: 18    God:    Vehumet [......]
Gold:   124        SH:  0    Dex: 13    Spells: 3/7 levels left

rFire    . . .     SeeInvis .   f - +2 short sword (speed)
rCold    . . .     Gourm    .   (no shield)
rNeg     . . .     Faith    .   a - +0 robe
rPois    .         Spirit   .   (no helmet)
rElec    .         Reflect  .   (no cloak)
rCorr    .         Harm     .   b - +2 pair of gloves
MR       .....                  (no boots)
Stlth    ++........             (no amulet)
HPRegen  0.10/turn              (no ring)
MPRegen  0.10/turn              (no ring)

@: no status effects
A: powered by death 1, spiny 1
a: Renounce Religion


You were on level 2 of the Dungeon.
You worshipped Vehumet.
Vehumet was noncommittal.
You were not hungry.

You visited 1 branch of the dungeon, and saw 2 of its levels.

You collected 124 gold pieces.

Inventory:

Hand Weapons
 f - a +2 short sword of speed (weapon)
Armour
 a - a +0 robe (worn)
 b - a +2 pair of gloves (worn)
Scrolls
 d - 2 scrolls of enchant armour {unknown}
 h - a scroll of remove curse {unknown}
 i - a scroll of immolation {unknown}
 k - a scroll of identify {unknown}
Potions
 e - a potion of magic {unknown}
 g - a potion of might {unknown}
 j - 2 potions of heal wounds {unknown}
 l - 2 potions of haste {unknown}
 m - a potion of curing {unknown}
Comestibles
 c - 3 rations
 n - a chunk of flesh


   Skills:
 - Level 1.7 Dodging
 - Level 1.7 Stealth
 + Level 2.4 Spellcasting
 + Level 3.1 Conjurations
 + Level 3.1 Fire Magic


You had 3 spell levels left.
You knew the following spells:

 Your Spells              Type           Power        Failure   Level  Hunger
h - Flame Tongue          Conj/Fire      ##...        4%          1    #......
l - Conjure Flame         Conj/Fire      ##......     14%         3    ###....

Your spell library contained the following spells:

 Spells                   Type           Power        Failure   Level  Hunger
 Throw Flame              Conj/Fire      ##....       8%          2    ##.....
 Inner Flame              Hex/Fire       #.......     28%         3    ###....
 Sticky Flame             Conj/Fire      ##......     43%         4    #####..
 Fireball                 Conj/Fire      ##........   80%         5    ######.


Dungeon Overview and Level Annotations

Branches:
Dungeon (2/15)

Altars:
Vehumet


Innate Abilities, Weirdness & Mutations

You regenerate a little health from kills.
You are partially covered in sharp spines.


Message History

Vehumet accepts your kill.
Casting: Flame Tongue (safe; 5% risk of failure)
Confirm with . or Enter, or press ? or * to list all spells.
Aiming: Flame Tongue (safe; 5% risk of failure)
Press: ? - help, Shift-Dir - straight line, f - kobold
Aim: a kobold The flame tongue hits the kobold.
The kobold appears unharmed.
The kobold hits you but does no damage.
Casting: Flame Tongue (safe; 5% risk of failure)
Confirm with . or Enter, or press ? or * to list all spells.
Aiming: Flame Tongue (safe; 5% risk of failure)
Press: ? - help, Shift-Dir - straight line, f/p - kobold
Aim: a kobold The flame tongue hits the kobold.
You kill the kobold!
Vehumet accepts your kill.
You have reached level 4!
You feel clever.
Your demonic ancestry asserts itself...
Sharp spines emerge from parts of your body.
Are you sure you want to abandon this character and quit the game? (Confirm

#.......# ..... .#
#.......# ....
#.###.......# ...
#...........## ..
..............
#.###.######.##### #
#.............#
#.##.##.######..#
#..@............####
#..####.####........
#.. #.# #.#..#### #..#
#.# #.#......
#..####.####.#..####
#............#......
##.####.####.#..##.#
#.# #.# #.#..##.#
####.####.####.#..##..


There were no monsters in sight!

Vanquished Creatures
  2 adders (D:2)
  A shadow imp (D:2)
  A worm (D:2)
  A leopard gecko (D:1)
  2 giant cockroaches (D:1)
  2 goblins
  6 hobgoblins
  7 bats
  3 frilled lizards
  5 kobolds
  9 rats
39 creatures vanquished.

Notes
Turn   | Place    | Note
-------+----------+-------------------------------------------
     0 | D:1      | Duffy the Demonspawn Fire Elementalist began the quest for
                  | the Orb.
     0 | D:1      | Reached XP level 1. HP: 13/13 MP: 3/3
   252 | D:1      | Gained mutation: You regenerate a little health from kills.
                  | [demonic ancestry]
   252 | D:1      | Reached XP level 2. HP: 19/19 MP: 0/5
  1326 | D:2      | Reached XP level 3. HP: 24/24 MP: 2/6
  1537 | D:2      | Found a radiant altar of Vehumet.
  1572 | D:2      | Became a worshipper of Vehumet
  1886 | D:2      | Learned a level 3 spell: Conjure Flame
  2126 | D:2      | Gained mutation: You are partially covered in sharp spines.
                  | [demonic ancestry]
  2126 | D:2      | Reached XP level 4. HP: 30/30 MP: 3/7
  2127 | D:2      | Quit the game

Vault maps used:
D:1:      minmay_arrival_checkered_box
D:2:      lemuel_doored_altar

Skill      XL: |  1  2  3 |
---------------+----------+-----
Conjurations   | 2 3 |  3.1
Fire Magic     | 3 |  3.1
Dodging        | |  1.7
Stealth        | |  1.7
Spellcasting   | |  2.4

Action                   |  1- 3 |  4- 6 || total
-------------------------+-------+-------++-------
Melee: Unarmed           |     2 |       ||     2
       Short sword       |    65 |       ||    65
 Cast: Flame Tongue      |    39 |     1 ||    40
 Stab: Sleeping          |     3 |       ||     3
  Eat: Chunk             |     4 |       ||     4
Armor: Robe              |    14 |       ||    14
Dodge: Dodged            |    55 |       ||    55

Table legend:
 A = Non-vault XP
 B = Vault XP
 C = Vault XP percentage of total XP
 D = Non-vault monster count
 E = Vault monster count
 F = Vault count percentage of total count
                 A         B        C        D         E       F
            +---------+---------+-------+---------+---------+-------
      Total |      97 |       0 |   0.0 |      39 |       0 |   0.0
            +---------+---------+-------+---------+---------+-------
        D:1 |      38 |       0 |   0.0 |      25 |       0 |   0.0
        D:2 |      59 |       0 |   0.0 |      14 |       0 |   0.0
            +---------+---------+-------+---------+---------+-------
